 Dungeon Crawl Stone Soup version 0.20.2-3-g29329e0561 (webtiles) character file.

391 Alfie the Shooter (level 6, 0/52 HPs)
             Began as a Minotaur Hunter on Aug 11, 2020.
             Slain by an orc priest
             ... wielding a +0 flail
              (1 damage)
             ... on level 4 of the Dungeon.
             The game lasted 00:08:01 (2612 turns).

Alfie the Shooter (Minotaur Hunter)                 Turns: 2612, Time: 00:08:02

Health: 0/52       AC:  8    Str: 18    XL:     6   Next: 50%
Magic:  5/5        EV: 17    Int: 10    God:
Gold:   100        SH:  0    Dex: 16    Spells: 5/5 levels left

rFire    . . .     SeeInvis .   b - +0 short sword
rCold    . . .     Gourm    .   (no shield)
rNeg     + . .     Faith    .   h - +3 ring mail {rN+}
rPois    .         Spirit   .   (helmet restricted)
rElec    .         Reflect  .   (no cloak)
rCorr    .         Harm     .   (no gloves)
MR       .....                  (no boots)
Stlth    ++........             (no amulet)
Regen    0.2/turn               p - +2 ring of intelligence
MPRegen  0.1/turn               (no ring)

@: agile
A: retaliatory headbutt, horns 2
a: no special abilities


You were on level 4 of the Dungeon.
You were hungry.

You visited 1 branch of the dungeon, and saw 4 of its levels.

You collected 100 gold pieces.

Inventory:

Hand Weapons
 a - a +1 shortbow
 b - a +0 short sword (weapon)
Armour
 h - a +3 ring mail of positive energy (worn)
Jewellery
 p - a +2 ring of intelligence (left hand)
Scrolls
 g - 7 scrolls of identify
Potions
 c - a potion of agility
 e - a potion of berserk rage {unknown}
 i - a potion of heal wounds
 j - a potion of brilliance {unknown}
 k - a potion of curing {unknown}
 l - a potion of lignification {unknown}
 m - a potion of flight {unknown}
 o - a potion of haste {unknown}
 q - a potion of might {unknown}
Comestibles
 f - a bread ration
 n - 3 royal jellies


   Skills:
 + Level 3.9 Fighting
 + Level 0.4 Short Blades
 + Level 7.6 Bows
 + Level 2.0 Armour
 + Level 2.4 Dodging
 + Level 1.1 Stealth


You had 5 spell levels left.
You didn't know any spells.

Dungeon Overview and Level Annotations

Branches:
Dungeon (4/15)
 Temple: D:4-7

Altars:
Nemelex Xobeh
Okawaru
Qazlal


Innate Abilities, Weirdness & Mutations

You reflexively headbutt those who attack you in melee.
You have a pair of horns on your head.


Message History

The orc priest calls down the wrath of Beogh upon you.
You are unaffected.
You barely miss the orc priest. You headbutt the orc priest.
The orc priest is moderately wounded.
The orc priest invokes the aid of Beogh against you.
Beogh smites you!
* * * LOW HITPOINT WARNING * * *
The orc priest closely misses you. The orc priest barely misses you.
You hit the orc priest.
The orc priest is heavily wounded.
The orc priest barely misses you. The orc priest misses you.
You barely miss the orc priest.
The orc priest is heavily wounded.
The orc priest closely misses you.
The orc priest hits you from afar with a trident.
* * * LOW HITPOINT WARNING * * *
You hit the orc priest but do no damage.
The orc priest is heavily wounded.
The orc priest hits you with a flail.
You die...

...... .. #
#...##.##
#.#.(......
.####.#O.....#
.......o#....#
#######.# ##.#####
#<.(....# .....
####..((####......
#..).oo@.......
#..†###########
#...# ###.# #..
####


You could see 2 orc priests.

Vanquished Creatures
  2 ogres
  3 orc wizards
  7 adders
  An ooze (D:3)
  A worm (D:2)
  3 leopard geckos
  5 orcs
  A ball python (D:3)
  4 giant cockroaches
  12 hobgoblins
  6 jackals
  4 kobolds (D:1)
  A quokka (D:2)
  9 bats
  3 frilled lizards
  9 goblins
  8 rats
79 creatures vanquished.

Notes
Turn   | Place    | Note
-------+----------+-------------------------------------------
     0 | D:1      | Alfie the Minotaur Hunter began the quest for the Orb.
     0 | D:1      | Reached XP level 1. HP: 18/18 MP: 0/0
    84 | D:1      | Reached XP level 2. HP: 22/25 MP: 1/1
   146 | D:1      | Reached skill level 5 in Bows
   419 | D:1      | Reached XP level 3. HP: 30/30 MP: 2/2
   920 | D:2      | Found a stormy altar of Qazlal.
  1197 | D:2      | Reached XP level 4. HP: 37/37 MP: 3/3
  1743 | D:3      | Found a sparkling altar of Nemelex Xobeh.
  1745 | D:3      | Found an iron altar of Okawaru.
  1750 | D:3      | Reached skill level 6 in Bows
  2202 | D:3      | Noticed an ogre
  2210 | D:3      | Killed an ogre
  2210 | D:3      | Reached skill level 1 in Armour
  2210 | D:3      | Reached XP level 5. HP: 23/45 MP: 4/4
  2359 | D:3      | Reached skill level 7 in Bows
  2377 | D:3      | Reached skill level 1 in Stealth
  2448 | D:3      | Reached XP level 6. HP: 39/51 MP: 5/5
  2611 | D:4      | HP: 1/52 [orc priest/trident (3)]
  2612 | D:4      | Slain by an orc priest

Skill      XL: |  1  2  3  4  5  6 |
---------------+-------------------+-----
Bows           | 5 6 7 |  7.6
Fighting       | 3 |  3.9
Armour         | 1 2 |  2.0
Stealth        | 1 |  1.1
Short Blades   | |  0.4
Dodging        | |  2.4

Action                   |  1- 3 |  4- 6 || total
-------------------------+-------+-------++-------
Melee: Short sword       |       |    15 ||    15
       Headbutt          |       |     2 ||     2
 Fire: Shortbow          |    96 |   109 ||   205
  Use: Scroll            |     4 |     3 ||     7
       Potion            |       |     2 ||     2
  Eat: Bread ration      |     1 |       ||     1
Armor: Leather armour    |     4 |       ||     4
       Ring mail         |     5 |    16 ||    21
Dodge: Dodged            |    14 |    44 ||    58
